 Dungeon Crawl Stone Soup version 0.28.0-1-gb440e238dd (webtiles) character file.

Game seed: 9045652551185954233

88 Woods the Cudgeller (level 4, 0/28 HPs)
             Began as a Gargoyle Fighter on Feb 25, 2022.
             Slain by Natasha (8 damage)
             ... on level 2 of the Dungeon.
             The game lasted 00:01:38 (2234 turns).

Woods the Cudgeller (Gargoyle Fighter)              Turns: 2234, Time: 00:01:39

Health: 0/28       AC: 10    Str: 19    XL:     4   Next: 54%
Magic:  4/4        EV:  9    Int:  9    God:
Gold:   83         SH:  4    Dex: 11    Spells: 3/3 levels left

rFire   . . .      SeeInvis .   a - +0 flail
rCold   . . .      Faith    .   c - +0 buckler
rNeg    + . .      Spirit   .   b - +0 scale mail
rPois   ∞          Reflect  .   (no helmet)
rElec   +          Harm     .   (no cloak)
rCorr   .          Rampage  .   (no gloves)
Will    .....                   (no boots)
Stlth   ..........              (no amulet)
HPRegen 0.09/turn               (no ring)
MPRegen 0.09/turn               (no ring)

@: no status effects
A: sickness immunity, AC +3, negative energy resistance 1, electricity
resistance, torment resistance 1, petrification resistance
a: no special abilities


You were on level 2 of the Dungeon.
You visited 1 branch of the dungeon, and saw 2 of its levels.

You collected 83 gold pieces.

Inventory:

Hand Weapons
 a - a +0 flail (weapon)
Armour
 b - a +0 scale mail (worn)
 c - a +0 buckler (worn)
Jewellery
 f - a +6 ring of strength
Scrolls
 i - 2 scrolls of identify {unknown}
 j - 2 scrolls of amnesia {unknown}
Potions
 d - 3 potions of might
 e - 2 potions of curing {unknown}
 g - a potion of heal wounds {unknown}
 h - a potion of flight {unknown}
 k - 2 potions of brilliance {unknown}
 l - a potion of resistance {unknown}


   Skills:
 - Level 3.2 Fighting
 + Level 4.6 Maces & Flails
 - Level 3.2 Armour
 - Level 3.2 Shields


You had 3 spell levels left.
You didn't know any spells.
Your spell library contained the following spells:

 Spells                   Type           Power      Damage    Failure   Level
 Corpse Rot               Necr/Air       0%         N/A       94%         2
 Poisonous Vapours        Pois/Air       0%         N/A       94%         2


Dungeon Overview and Level Annotations

Branches:
Dungeon (2/15)

Altars:

Annotations:
D:2 Natasha


Innate Abilities, Weirdness & Mutations

You are immune to sickness and miasma.
Your stone body is resilient. (AC +3)
You are immune to poison.
You resist negative energy. (rN+)
You are resistant to electric shocks. (rElec)
You are resistant to unholy torment.
You are immune to petrification.


Message History

You hit the hobgoblin.
You kill the hobgoblin!
Found a long sword.
You see here a hobgoblin corpse.
You open the door.
There is an open door here.
You open the door.
There is an open door here.
A hobgoblin comes into view.
The hobgoblin shouts!
A hobgoblin is nearby!
A hobgoblin is nearby!
You barely miss the hobgoblin. The hobgoblin barely misses you.
The hobgoblin hits you but does no damage.
You barely miss the hobgoblin. You block the hobgoblin's attack.
You closely miss the hobgoblin. The hobgoblin barely misses you.
You barely miss the hobgoblin. The hobgoblin barely misses you.
You sock the hobgoblin!
You kill the hobgoblin!
You see here a +0 rapier.
Natasha, Servant of Life and Death comes into view.
Natasha is nearby!
Natasha is nearby!
Natasha hisses angrily.
Natasha casts a spell at you. You resist with some effort.
Natasha casts a spell at you. The magic dart hits you!
You closely miss Natasha. Natasha closely misses you.
You closely miss Natasha. Natasha claws you but does no damage.
You hit Natasha but do no damage. Natasha claws you but does no damage.
You hit Natasha but do no damage. Natasha closely misses you.
Natasha claws you!
You barely miss Natasha. Natasha claws you.
* * * LOW HITPOINT WARNING * * *
You closely miss Natasha. Natasha claws you but does no damage.
You barely miss Natasha. Natasha claws you.
* * * LOW HITPOINT WARNING * * *
You miss Natasha. Natasha claws you!
You die...

######### #### ..
....## #... .#
###...###.## ## #.#
#......##.## #.
..##.#....##...#
#.#....###......#.#
#..h.# #.#.###...#
##@#.# #. #.# #####
##.#.######.## #
#............## ###
#...#####..†..###..
##...# ##.......##.#
##...####.........#.#
#.......+.........'..
##...####.........#(#
##..# ##.......##.#


You could see Natasha.

Vanquished Creatures
  Natasha (D:2)
  2 adders (D:2)
  A worm (D:2)
  A dart slug (D:1)
  4 endoplasms
  12 hobgoblins
  2 kobolds (D:1)
  3 ball pythons (D:1)
  4 bats (D:1)
  5 frilled lizards
  2 goblins
  4 rats
41 creatures vanquished.

Notes
Turn   | Place    | Note
-------+----------+-------------------------------------------
     0 | D:1      | Woods the Gargoyle Fighter began the quest for the Orb.
     0 | D:1      | Reached XP level 1. HP: 14/14 MP: 1/1
    47 | D:1      | Reached XP level 2. HP: 19/19 MP: 2/2
    57 | D:1      | Found a faded altar of an unknown god.
   127 | D:1      | Reached skill level 3 in Maces & Flails
   577 | D:1      | Reached XP level 3. HP: 21/23 MP: 3/3
  1441 | D:2      | Reached skill level 4 in Maces & Flails
  1447 | D:2      | Reached XP level 4. HP: 24/28 MP: 4/4
  1666 | D:2      | Noticed Natasha
  1678 | D:2      | Killed Natasha
  2222 | D:2      | Noticed Natasha
  2234 | D:2      | Slain by Natasha

Illustrated notes

Levels and vault maps discovered:
D:1:      arrival_zaba_pyramid, layout_rooms, basic_ecumenical_altar,
          minmay_pentomino_s4
D:2:      layout_loops_corners, uniq_natasha

Skill      XL: |  1  2  3 |
---------------+----------+-----
Maces & Flails | 3 4 |  4.6
Fighting       | |  3.2
Armour         | |  3.2
Shields        | |  3.2

Action                   |  1- 3 |  4- 6 || total
-------------------------+-------+-------++-------
Melee: Flail             |   110 |    32 ||   142
Armor: Scale mail        |    65 |    10 ||    75
Dodge: Dodged            |    52 |    13 ||    65
Block: Buckler           |    23 |     4 ||    27
